[Event "Titled Tuesday Blitz November 08 Late 2022"]
[White "Machidon, Cristi"]
[Black "Makaraci, Tunahan"]
[WhiteFideId "13904590"]
[BlackFideId "6356559"]
[WhiteElo "2333"]
[BlackElo "2161"]
[Result "0-1"]
[Round "08"]
[TimeControl "180+1"]
[Date "2022.11.09"]
[WhiteClock "0:00:06"]
[BlackClock "0:00:08"]

1. c4 e6 2. Nc3 d5 3. e3 Nf6 4. b3 c5 5. Nf3 d4 6. exd4 cxd4 7. Ne2 Nc6 8. d3 Bb4+ 9. Bd2 Bxd2+ 10. Qxd2 O-O 11. g3 e5 12. Bg2 e4 13. dxe4 Nxe4 14. Qf4 d3 15. O-O-O Nxf2 16. Nc3 Qa5 17. Kb2 Nxh1 18. Bxh1 Qf5 19. Nd5 Qxf4 20. gxf4 Bf5 21. b4 Be4 22. b5 Na5 23. Kc3 Bxd5 24. cxd5 Rac8+ 25. Kb4 b6 26. Ne5 Rc2 27. Rxd3 Rxh2 28. Bf3 Rxa2 29. d6 Rb2+ 30. Ka3 Rxb5 31. d7 Rd8 32. Rc3 Rc5 33. Rxc5 bxc5 34. Ka4 f6 35. Nd3 Nc4 36. Bd5+ Kf8 37. Bxc4 Rxd7 38. Nxc5 Rd4 39. Ne6+ Ke7 40. Nxd4 Kd6 41. Nf5+ Kc5 42. Kb3 g6 43. Ne3 Kd4 44. Nd5 g5 45. f5 Ke5 46. Ne7 h5 47. Be2 g4 48. Bd3 Kd4 49. Kc2 h4 50. Ng6 h3 51. Bf1 Ke4 52. Nh4 Kf4 53. Kd2 Kg5 54. Ng6 Kxf5 55. Ne7+ Ke4 56. Ng8 f5 57. Ke2 f4 58. Kf2 g3+ 59. Kg1 h2+ 60. Kg2 f3+ 61. Kh1 Ke3 62. Nf6 a5 63. Bh3 a4 64. Nd5+ Kf2 65. Nc3 g2+ 66. Bxg2 fxg2+ 67. Kxh2 g1=Q+ 68. Kh3 Qg3# 0-1


[Site "https://www.chess.com"]

[Event "Titled Tuesday Blitz November 08 Late 2022"]
[White "Makarian, Rudik"]
[Black "Stoyanov, Tsvetan"]
[WhiteFideId "44105681"]
[BlackFideId "2917173"]
[WhiteElo "2423"]
[BlackElo "2349"]
[Result "1-0"]
[Round "08"]
[TimeControl "180+1"]
[Date "2022.11.08"]
[WhiteClock "0:00:09"]
[BlackClock "0:00:03"]

1. Nf3 d5 2. c4 e6 3. g3 Nf6 4. Bg2 Be7 5. b3 O-O 6. O-O d4 7. d3 c5 8. e4 Nc6 9. e5 Nd7 10. Qe2 Qc7 11. Bf4 b6 12. h4 Bb7 13. Nbd2 h6 14. h5 a6 15. Rfe1 b5 16. Nh2 Nb4 17. Bxb7 Qxb7 18. Ne4 f5 19. exf6 Nxf6 20. Nxf6+ Bxf6 21. Ng4 e5 22. Nxf6+ Rxf6 23. Bxe5 Rf3 24. Rad1 Re8 25. a3 Rf5 26. axb4 Rfxe5 27. Qxe5 Rxe5 28. Rxe5 bxc4 29. dxc4 Qxb4 30. Rd3 a5 31. Rf3 Qb8 32. Rxc5 Qb7 33. Rd5 Kh7 34. Rd3 a4 35. Rb5 Qe4 36. Rd1 Qc2 37. Rxd4 axb3 38. Rd7 Qxc4 39. Rdb7 Qc1+ 40. Kg2 Qc6+ 41. Kg1 Qc1+ 42. Kg2 Qc6+ 43. f3 Qc2+ 44. Kh3 Qc8+ 45. g4 Qc3 46. Rxb3 Qe1 47. Kg2 Qe2+ 48. Kg3 Qe1+ 49. Kf4 Qd2+ 50. Re3 Qd4+ 51. Re4 Qd6+ 52. Ke3 Qc5+ 53. Ke2 Qc2+ 54. Kf1 Qd3+ 55. Kf2 Qd2+ 56. Re2 Qd4+ 57. Kg2 Qf4 58. Rbe7 Qg5 59. R7e4 Qh4 60. Re5 Qf6 61. Rf5 Qh4 62. Rf7 Qg5 63. Ree7 Qd2+ 64. Kh3 Qd1 65. Rxg7+ Kh8 66. Rh7+ Kg8 67. Rhg7+ Kh8 68. Rgf7 Qh1+ 69. Kg3 Qg1+ 70. Kf4 Qd4+ 71. Kf5 Qd5+ 72. Kg6 Qd3+ 73. Kxh6 Qd6+ 74. Kg5 Qd2+ 75. f4 Qd5+ 76. f5 Qd2+ 77. Kg6 Qd6+ 78. f6 Qd3+ 79. Kh6 Qd2+ 80. g5 Qd8 81. Rh7+ 1-0


[Site "https://www.chess.com"]

[Event "Titled Tuesday Blitz November 08 Late 2022"]
[White "Makridis, Dimitrios"]
[Black "Jones, Gawain C B"]
[WhiteFideId "25864475"]
[BlackFideId "409561"]
[WhiteElo "2272"]
[BlackElo "2657"]
[Result "1/2-1/2"]
[Round "08"]
[TimeControl "180+1"]
[Date "2022.11.08"]
[WhiteClock "0:00:07"]
[BlackClock "0:00:06"]

1. e4 c6 2. d4 d5 3. exd5 cxd5 4. Bd3 Nc6 5. c3 g6 6. Nf3 Bf5 7. O-O Nf6 8. Ne5 Bxd3 9. Nxd3 Bg7 10. Bf4 O-O 11. Nd2 Nd7 12. Re1 Re8 13. h3 Qb6 14. Qb3 e6 15. Qxb6 axb6 16. a3 b5 17. Rab1 Na5 18. Kf1 Nc4 19. Nb3 b6 20. Re2 f6 21. Bg3 Kf7 22. Nd2 h5 23. Nxc4 bxc4 24. Nb4 b5 25. Rbe1 Bf8 26. f3 Bxb4 27. axb4 Ra2 28. Bc7 Ra6 29. Ba5 Nf8 30. g4 h4 31. f4 f5 32. Kg2 Nh7 33. Kf3 Nf6 34. g5 Ne4 35. Ra1 Rea8 36. Ra3 Ke7 37. Ke3 Kd7 38. Re1 Nd6 39. Rea1 Nb7 40. Kd2 Nd6 41. Ke3 Kc6 42. R3a2 Nb7 43. Kd2 Nxa5 44. Rxa5 Rxa5 45. bxa5 Ra6 46. Kc2 Kb7 47. b3 cxb3+ 48. Kxb3 Rc6 49. Kb4 Ka6 50. Re1 Rc4+ 51. Kb3 Rc6 52. Ra1 Rc8 53. Ra2 Rc4 54. Re2 Rc6 55. Ra2 Kb7 56. Kb4 Ka6 57. Kb3 Rc7 58. Ra1 Kb7 59. a6+ Kb6 60. Kb4 Rc4+ 61. Kb3 Rc7 62. Re1 Rc6 63. Kb4 Kxa6 64. Ra1+ Kb6 65. Re1 Rc4+ 66. Kb3 Rc6 67. Re2 Kc7 68. Ra2 Rb6 69. Ra8 Rb8 70. Ra7+ Rb7 71. Ra6 Rb6 72. Ra5 Kb7 73. Kb4 Ra6 74. Rxb5+ Rb6 75. Kc5 Rxb5+ 76. Kxb5 Kc7 77. Kc5 Kd7 78. Kb5 Kc7 79. Kc5 Kd7 80. Kb6 Kd6 81. Kb5 Kd7 82. Kb4 Kd6 83. Ka5 Kc7 84. Kb5 Kb7 85. Kc5 Kc7 86. Kb4 Kb6 87. Ka4 Ka6 88. Kb4 Kb6 89. Ka4 Ka6 90. Kb4 Kb6 1/2-1/2


[Site "https://www.chess.com"]

[Event "Titled Tuesday Blitz November 08 Late 2022"]
[White "Manelyuk, Daniil"]
[Black "Pakleza, Zbigniew"]
[WhiteFideId "44173920"]
[BlackFideId "1119290"]
[WhiteElo "2209"]
[BlackElo "2411"]
[Result "1-0"]
[Round "08"]
[TimeControl "180+1"]
[Date "2022.11.09"]
[WhiteClock "0:00:03"]
[BlackClock "0:00:01"]

1. e4 d6 2. d4 Nf6 3. Nc3 c6 4. Nf3 Bg4 5. Be2 e6 6. Be3 d5 7. e5 Nfd7 8. h3 Bh5 9. Qd2 c5 10. O-O Nc6 11. Nb5 cxd4 12. Bxd4 a6 13. Nd6+ Bxd6 14. exd6 O-O 15. c4 dxc4 16. Qc3 e5 17. Be3 b5 18. Rad1 Re8 19. Rfe1 Qa5 20. Qc1 Qxa2 21. Ng5 Bxe2 22. Rxe2 f6 23. Ne4 Qa5 24. Nc5 Nxc5 25. Bxc5 Rad8 26. d7 Re6 27. Qc2 Qa4 28. Qd2 Nd4 29. Bxd4 Rxd7 30. Qe1 Red6 31. Red2 Qb3 32. Bc3 1-0


[Site "https://www.chess.com"]

[Event "Titled Tuesday Blitz November 08 Late 2022"]
[White "Martic, Ivan"]
[Black "Mikhalsky, Vladimir"]
[WhiteFideId "929301"]
[BlackFideId "14144352"]
[WhiteElo "2355"]
[BlackElo "2271"]
[Result "0-1"]
[Round "08"]
[TimeControl "180+1"]
[Date "2022.11.09"]
[WhiteClock "0:00:01"]
[BlackClock "0:00:14"]

1. d4 Nf6 2. Nc3 d5 3. Bf4 g6 4. Nb5 Na6 5. e3 Bg7 6. Nf3 O-O 7. Be2 c6 8. Nc3 c5 9. O-O Bf5 10. h3 Ne4 11. Be5 Nxc3 12. bxc3 c4 13. Rb1 b6 14. Bxg7 Kxg7 15. Nd2 Qd7 16. e4 Bxe4 17. Nxe4 dxe4 18. Bxc4 Qa4 19. Qe2 Nc7 20. Bb3 Qc6 21. Rbe1 Qxc3 22. Qxe4 e6 23. Re3 Qa5 24. c4 Rad8 25. Rd1 Ne8 26. d5 exd5 27. cxd5 Nf6 28. Qd4 Rd6 29. Rf3 Rc8 30. g4 Qc5 31. Qb2 h6 32. h4 g5 33. hxg5 hxg5 34. Rf5 Qc3 35. Rxg5+ Kh6 36. Qxc3 Rxc3 37. Rf5 Nxg4 38. Rxf7 Ne5 39. Rf5 Nf3+ 40. Kf1 Nh2+ 41. Ke2 Ng4 42. Rh1+ Kg6 43. Rf8 Kg7 44. Ra8 Rc7 45. Rg1 Rg6 46. Rd8 Re7+ 47. Kd2 Nxf2 48. Rxg6+ Kxg6 49. d6 Rg7 50. d7 Ne4+ 51. Ke3 Nc5 52. Bc2+ Kg5 53. Re8 Nxd7 54. Kd4 Nc5 55. Ra8 Kf4 56. Rf8+ Kg5 57. Rb8 Rd7+ 58. Ke5 Rd2 59. Rg8+ Kh6 60. Bf5 Rxa2 61. Kf6 Nd7+ 62. Bxd7 Kh7 0-1


[Site "https://www.chess.com"]

[Event "Titled Tuesday Blitz November 08 Late 2022"]
[White "Martinez Alcantara, Jose Eduardo"]
[Black "Wieczorek, Oskar"]
[WhiteFideId "3805662"]
[BlackFideId "1133950"]
[WhiteElo "2705"]
[BlackElo "2404"]
[Result "1-0"]
[Round "08"]
[TimeControl "180+1"]
[Date "2022.11.08"]
[WhiteClock "0:00:14"]
[BlackClock "0:00:09"]

1. e4 e5 2. Nf3 Nc6 3. Bb5 a6 4. Ba4 Nf6 5. O-O Be7 6. Re1 b5 7. Bb3 d6 8. c3 O-O 9. h3 a5 10. d4 a4 11. Bc2 Bd7 12. Be3 exd4 13. cxd4 Nb4 14. Nbd2 c5 15. a3 Nxc2 16. Qxc2 Rc8 17. dxc5 dxc5 18. Rad1 Qc7 19. e5 Nd5 20. Bg5 Be6 21. Ne4 c4 22. Bxe7 Qxe7 23. Nd6 Rc5 24. Nd4 Rb8 25. Qd2 Qh4 26. Re4 Qh6 27. Qxh6 gxh6 28. Rh4 c3 29. bxc3 Nxc3 30. Re1 b4 31. axb4 Rd5 32. Nc6 Ra8 33. Ne7+ Kf8 34. Nxd5 Bxd5 35. Ra1 a3 36. Rd4 a2 37. Rd2 Ra4 38. Kh2 Rxb4 39. Rxd5 Nxd5 40. Rxa2 Rf4 41. f3 h5 42. Ra5 Ne3 43. Ra8+ Kg7 44. Ne8+ Kh6 45. Ra6+ Kg5 46. Nf6 h4 47. Nxh7+ Kf5 48. Nf6 Kxe5 49. Ng4+ Nxg4+ 50. hxg4 f5 51. Ra5+ Kf6 52. Rxf5+ Rxf5 53. gxf5 Kxf5 54. Kh3 Kg5 55. f4+ Kh5 56. f5 Kg5 57. f6 Kg6 58. Kxh4 Kxf6 59. Kh5 Kf5 60. g4+ Kf6 61. Kh6 Kf7 62. g5 Kg8 63. Kg6 Kh8 64. Kf7 Kh7 65. g6+ Kh8 66. g7+ Kh7 67. g8=Q+ Kh6 68. Qg6# 1-0


[Site "https://www.chess.com"]

[Event "Titled Tuesday Blitz November 08 Late 2022"]
[White "Mazurkiewicz, Michal"]
[Black "Thomforde-Toates, Noah"]
[WhiteFideId "1124943"]
[BlackFideId "30951992"]
[WhiteElo "2063"]
[BlackElo "2617"]
[Result "1-0"]
[Round "08"]
[TimeControl "180+1"]
[Date "2022.11.09"]
[WhiteClock "0:00:28"]
[BlackClock "0:00:21"]

1. e4 c5 2. Nf3 g6 3. g3 Bg7 4. Bg2 Nc6 5. O-O d6 6. d3 Nf6 7. Re1 Bg4 8. h3 Bxf3 9. Qxf3 O-O 10. c3 Nd7 11. Qd1 Rb8 12. a4 a6 13. Be3 e5 14. Nd2 b5 15. axb5 axb5 16. Ra6 Qc7 17. Qa1 Qb7 18. Qa2 Ra8 19. Ra1 Nb6 20. b4 Na4 21. Rxa8 Rxa8 22. bxc5 Rd8 23. cxd6 Nxc3 24. Qb3 Nd4 25. Bxd4 Ne2+ 26. Kh2 Nxd4 27. Qd5 Qxd5 28. exd5 f5 29. Ra6 Bf8 30. Nf3 Nxf3+ 31. Bxf3 Bxd6 32. Bd1 Rd7 33. Rb6 b4 34. Ba4 Rd8 35. Rb7 Rb8 36. Rd7 Rb6 37. Bb3 h5 38. Kg2 Kf8 39. g4 hxg4 40. hxg4 fxg4 41. Kg3 e4+ 42. Kxg4 exd3 43. Kg5 Ke8 44. Ba4 d2 45. Rxd6+ Rb5 46. Bxb5+ Ke7 47. Re6+ Kf7 48. Ba4 b3 49. Bxb3 d1=Q 50. Bxd1 1-0


[Site "https://www.chess.com"]

[Event "Titled Tuesday Blitz November 08 Late 2022"]
[White "Melkumyan, Hrant"]
[Black "Kamsky, Gata"]
[WhiteFideId "13302485"]
[BlackFideId "2000024"]
[WhiteElo "2604"]
[BlackElo "2666"]
[Result "1-0"]
[Round "08"]
[TimeControl "180+1"]
[Date "2022.11.08"]
[WhiteClock "0:00:03"]
[BlackClock "0:00:01"]

1. d4 Nf6 2. c4 e6 3. Bf4 d5 4. e3 Bb4+ 5. Nd2 c5 6. dxc5 Nc6 7. Nf3 Bxc5 8. Bd3 dxc4 9. Nxc4 Bb4+ 10. Ke2 O-O 11. Qb3 Qe7 12. Rhd1 b5 13. Nce5 Na5 14. Qc2 Bb7 15. Rac1 Rac8 16. Qb1 a6 17. Rxc8 Rxc8 18. Bg5 h6 19. Bh4 Nc4 20. Bxc4 bxc4 21. Rd7 Qxd7 22. Nxd7 Nxd7 23. Qd1 Nc5 24. a3 Ba5 25. Qd4 Bd5 26. Kf1 Ne4 27. h3 c3 28. bxc3 Rxc3 29. Kg1 Rc1+ 30. Kh2 Bc7+ 31. Bg3 Bxg3+ 32. fxg3 Nf2 33. Ng1 Rc2 34. Qb6 f5 35. g4 fxg4 36. Qxa6 Nd1 37. Ne2 Nxe3 38. Qd3 g3+ 39. Kxg3 Nf5+ 40. Kh2 Ra2 41. Nf4 Bxg2 42. Nxg2 Nh4 43. Qd8+ 1-0


[Site "https://www.chess.com"]

[Event "Titled Tuesday Blitz November 08 Late 2022"]
[White "Mendonca, Mateus Nakajo"]
[Black "Maksimovic, Bojan"]
[WhiteFideId "2110954"]
[BlackFideId "14408120"]
[WhiteElo "2310"]
[BlackElo "2447"]
[Result "1-0"]
[Round "08"]
[TimeControl "180+1"]
[Date "2022.11.08"]
[WhiteClock "0:00:12"]
[BlackClock "0:00:11"]

1. Nf3 Nf6 2. c4 g6 3. g3 Bg7 4. Bg2 O-O 5. O-O d6 6. d4 Nbd7 7. Nc3 e5 8. dxe5 dxe5 9. b3 e4 10. Nd4 Re8 11. Qc2 c6 12. Rd1 Qe7 13. Bf4 Nh5 14. Qxe4 Nxf4 15. Qxe7 Rxe7 16. gxf4 Nc5 17. e3 a5 18. Rac1 Bg4 19. Bf3 Bh3 20. Rd2 Rae8 21. Rcd1 h5 22. Nce2 Ne4 23. Bxe4 Rxe4 24. Nc3 R4e7 25. Na4 Bg4 26. Rc1 Kh7 27. Kg2 Bd7 28. h3 Bf6 29. Nc5 Bc8 30. Rcd1 g5 31. fxg5 Bxg5 32. Nf3 Bf6 33. Rd8 Bf5 34. Rxe8 Rxe8 35. Nxb7 Be4 36. Rd6 Rg8+ 37. Kf1 Be7 38. Rd7 Bxf3 39. Rxe7 Kg6 40. Nd6 c5 41. Rxf7 Rd8 42. Rxf3 Rxd6 43. Ke2 a4 44. Rg3+ Kf5 45. Rg1 a3 46. Rd1 Rg6 47. Rd5+ Ke6 48. Rxc5 Rg1 49. Ra5 Rb1 50. Rxa3 h4 51. Kf3 Ke5 52. Ra5+ Kd6 53. Kg4 Rb2 54. f4 Re2 55. Re5 Rxa2 56. Kxh4 Rb2 57. Rb5 Re2 58. Re5 Rb2 59. Kg5 Rxb3 60. h4 Rb1 61. c5+ Kc6 62. h5 Rg1+ 63. Kh6 Rg8 64. Kh7 Rf8 65. h6 Rf6 66. Kg7 Rf5 67. Rxf5 Kb5 68. c6+ Kc4 69. h7 Kd3 70. c7 Ke4 71. Re5+ Kd3 72. h8=Q Ke2 73. Qd8 Kf3 74. e4 Ke2 75. Qd4 Kf3 76. Rc5 Ke2 77. Rc3 Kf1 78. Qd2 Kg1 79. Rc1# 1-0


[Site "https://www.chess.com"]

[Event "Titled Tuesday Blitz November 08 Late 2022"]
[White "Mikhailov, Viacheslav"]
[Black "Poliakova, Varvara"]
[WhiteFideId "4187369"]
[BlackFideId "13518313"]
[WhiteElo "2381"]
[BlackElo "2099"]
[Result "0-1"]
[Round "08"]
[TimeControl "180+1"]
[Date "2022.11.09"]
[WhiteClock "0:00:07"]
[BlackClock "0:00:36"]

1. Nf3 f5 2. g3 d6 3. Bg2 Nf6 4. O-O g6 5. d3 Bg7 6. c4 O-O 7. Nc3 e6 8. Rb1 e5 9. b4 h6 10. b5 Nbd7 11. a4 g5 12. Ba3 a5 13. e3 Rb8 14. Nd5 Nxd5 15. cxd5 Nb6 16. Qb3 f4 17. Rbc1 g4 18. Nd2 f3 19. Bh1 h5 20. h4 Bf6 21. Nc4 Bxh4 22. Nxb6 cxb6 23. gxh4 Qxh4 24. Qc4 Qh3 25. Rc2 g3 26. fxg3 Qxg3+ 27. Bg2 Bh3 28. Bxd6 fxg2 29. Rff2 Rxf2 30. Rxf2 Rd8 31. Bc7 Qxe3 32. d6+ Kh8 33. Qh4 Qe1+ 34. Kh2 Qh1+ 35. Kg3 g1=Q+ 36. Rg2 Qgxg2# 0-1


[Site "https://www.chess.com"]

[Event "Titled Tuesday Blitz November 08 Late 2022"]
[White "Moskvin, Anatoly"]
[Black "Brodowski, Piotr"]
[WhiteFideId "24199990"]
[BlackFideId "1124480"]
[WhiteElo "2079"]
[BlackElo "2351"]
[Result "1/2-1/2"]
[Round "08"]
[TimeControl "180+1"]
[Date "2022.11.09"]
[WhiteClock "0:00:05"]
[BlackClock "0:00:03"]

1. e4 g6 2. d4 Bg7 3. Nc3 d6 4. Be3 a6 5. Qd2 b5 6. f3 Bb7 7. O-O-O Nd7 8. h4 h6 9. Nh3 Nb6 10. Nf4 e6 11. Kb1 Ne7 12. g4 b4 13. Nce2 Nc4 14. Qc1 Nxe3 15. Qxe3 Nc6 16. d5 exd5 17. exd5+ Qe7 18. Qxe7+ Nxe7 19. Ng3 Kd7 20. Bc4 Rae8 21. Ne4 Nc8 22. g5 Nb6 23. Bb3 hxg5 24. hxg5 a5 25. a3 bxa3 26. bxa3 a4 27. Ba2 Ba6 28. Nf6+ Bxf6 29. gxf6 Bc4 30. Rxh8 Rxh8 31. Bxc4 Nxc4 32. Rd4 Nxa3+ 33. Kb2 Nb5 34. Rxa4 Rh4 35. Re4 g5 36. Re7+ Kd8 37. Nd3 Rh3 38. Nb4 Rxf3 39. Nc6+ Kc8 40. Rxf7 g4 41. Rf8+ Kb7 42. Rb8+ Ka6 43. Rg8 Rxf6 44. Rxg4 Kb6 45. c4 Na7 46. Nd4 Kc5 47. Nb3+ Kb6 48. Ka3 Rf2 49. Kb4 Kb7 50. Rg7 Nc8 51. c5 dxc5+ 52. Nxc5+ Kb6 53. Na4+ Kb7 54. Nc5+ Kb6 55. Na4+ Kb7 56. Nc5+ 1/2-1/2


[Site "https://www.chess.com"]

[Event "Titled Tuesday Blitz November 08 Late 2022"]
[White "Muhammad, Shahzeb"]
[Black "Floresvillar Gonzalez, Luis Migu"]
[WhiteFideId "7804806"]
[BlackFideId "5100542"]
[WhiteElo "2367"]
[BlackElo "2040"]
[Result "1-0"]
[Round "08"]
[TimeControl "180+1"]
[Date "2022.11.09"]
[WhiteClock "0:01:16"]
[BlackClock "0:00:20"]

1. e4 e6 2. d4 d5 3. Nd2 dxe4 4. Nxe4 Nd7 5. Nf3 Ngf6 6. Bd3 Nxe4 7. Bxe4 c5 8. O-O cxd4 9. Qe2 Be7 10. Nxd4 O-O 11. Rd1 Qc7 12. Nb5 Qb6 13. Be3 Bc5 14. Rd6 Bxe3 15. Rxb6 Bxb6 16. Rd1 Nf6 17. Bd3 a6 18. Nc3 Re8 19. g4 h6 20. h4 e5 21. g5 hxg5 22. hxg5 Ng4 23. Rf1 Bd7 24. Qe4 g6 25. Qxb7 e4 26. Qxd7 exd3 27. Qxg4 dxc2 28. Ne4 Bd4 29. Nd6 Bxb2 30. Qc4 c1=Q 31. Rxc1 Bxc1 32. Qxf7+ Kh8 33. Nxe8 Bb2 34. Nf6 Bxf6 35. gxf6 a5 36. Qg7# 1-0


[Site "https://www.chess.com"]

[Event "Titled Tuesday Blitz November 08 Late 2022"]
[White "Myers, Dominique"]
[Black "Rodriguez Fontecha, Marcos"]
[WhiteFideId "2041715"]
[BlackFideId "2256576"]
[WhiteElo "1986"]
[BlackElo "2263"]
[Result "0-1"]
[Round "08"]
[TimeControl "180+1"]
[Date "2022.11.09"]
[WhiteClock "0:01:53"]
[BlackClock "0:02:16"]

1. e4 e6 2. d4 d5 3. Nc3 h6 4. Nf3 Nf6 5. e5 Ne4 6. Ne2 c5 7. Be3 Nc6 8. c3 Qb6 9. dxc5 Qxb2 10. Rb1 Qxa2 11. Ned4 Nxc3 12. Ra1 Nxd1 13. Rxa2 Nxe3 14. fxe3 Bxc5 15. Bb5 Bd7 16. Ke2 Bxd4 17. exd4 Nxe5 18. Nxe5 Bxb5+ 19. Ke3 f6 20. Rb1 fxe5 21. Rxb5 exd4+ 22. Kxd4 O-O 23. Rxb7 Rf7 24. Rxf7 Kxf7 25. Ra6 Kf6 26. g4 g6 27. h4 h5 28. gxh5 gxh5 29. Ra1 Kf5 30. Rf1+ Kg4 31. Rf6 a5 32. Rxe6 a4 33. Re1 a3 34. Kxd5 a2 35. Ra1 Kxh4 36. Ke4 Kg3 37. Rg1+ Kf2 38. Ra1 h4 39. Kf4 h3 40. Kg4 h2 41. Kh3 h1=Q+ 0-1


[Site "https://www.chess.com"]

[Event "Titled Tuesday Blitz November 08 Late 2022"]
[White "Nakamura, Hikaru"]
[Black "Kollars, Dmitrij"]
[WhiteFideId "2016192"]
[BlackFideId "12909572"]
[WhiteElo "2909"]
[BlackElo "2584"]
[Result "1-0"]
[Round "08"]
[TimeControl "180+1"]
[Date "2022.11.08"]
[WhiteClock "0:00:15"]
[BlackClock "0:00:02"]

1. Nf3 d5 2. g3 Bg4 3. Bg2 c6 4. d3 Nd7 5. h3 Bh5 6. g4 Bg6 7. Nh4 e6 8. Nxg6 hxg6 9. e3 Bd6 10. Nd2 Ne7 11. Nf3 Qc7 12. b3 Ne5 13. Nd2 g5 14. Bb2 N7g6 15. d4 Nd7 16. c4 Nh4 17. Bf1 Nf6 18. a3 O-O 19. Qc2 Qe7 20. Bd3 e5 21. dxe5 Bxe5 22. O-O-O Rad8 23. Rhe1 Rfe8 24. Kb1 Bxb2 25. Kxb2 Ne4 26. Bxe4 dxe4 27. Nb1 Nf3 28. Rh1 b5 29. cxb5 cxb5 30. Nc3 Rc8 31. Rd5 Qf6 32. Rf5 Qc6 33. Rc1 Ne5 34. Rd1 Nd3+ 35. Rxd3 exd3 36. Qxd3 Red8 37. Qc2 g6 38. Rxb5 Qf6 39. Rb4 Rc7 40. Rc4 Rdc8 41. Rxc7 Rxc7 42. b4 Kh7 43. Qd2 Qe5 44. Qd4 Qxd4 45. exd4 Rc4 46. d5 Kg7 47. b5 Kf6 48. Kb3 Rf4 49. a4 Ke5 50. a5 Kd6 51. b6 axb6 52. axb6 Rf3 53. Kc4 Rf4+ 54. Kb5 Rxf2 55. Ne4+ 1-0


[Site "https://www.chess.com"]

[Event "Titled Tuesday Blitz November 08 Late 2022"]
[White "Papayan, Oleg"]
[Black "De Souza, Cristiano Gomes"]
[WhiteFideId "4193911"]
[BlackFideId "2151758"]
[WhiteElo "2153"]
[BlackElo "2068"]
[Result "1-0"]
[Round "08"]
[TimeControl "180+1"]
[Date "2022.11.09"]
[WhiteClock "0:00:07"]
[BlackClock "0:00:37"]

1. e4 c5 2. Nf3 d6 3. d4 cxd4 4. Nxd4 Nf6 5. Nc3 a6 6. h3 g6 7. g4 Bg7 8. Bg2 O-O 9. Be3 Nc6 10. Nxc6 bxc6 11. e5 dxe5 12. Bxc6 Rb8 13. Qxd8 Rxd8 14. Rd1 Rxd1+ 15. Nxd1 Be6 16. Ba4 Nd5 17. Bb3 Nxe3 18. Nxe3 Bd7 19. Ke2 a5 20. Rd1 Be8 21. a4 e4 22. Nc4 Kf8 23. Rd5 Bc6 24. Rxa5 Bd7 25. Ke3 Be6 26. Kxe4 f5+ 27. gxf5 Bxf5+ 28. Rxf5+ gxf5+ 29. Kxf5 Bf6 30. a5 Rb5+ 31. Ke6 Rh5 32. c3 Rxh3 33. a6 Rh1 34. a7 Ra1 35. Na3 Bxc3 36. a8=Q+ Kg7 37. bxc3 1-0


[Site "https://www.chess.com"]

[Event "Titled Tuesday Blitz November 08 Late 2022"]
[White "Polster, Christian"]
[Black "Arencibia Monduy, Antonio"]
[WhiteFideId "12965081"]
[BlackFideId "3507939"]
[WhiteElo "2209"]
[BlackElo "2456"]
[Result "1-0"]
[Round "08"]
[TimeControl "180+1"]
[Date "2022.11.09"]
[WhiteClock "0:00:07"]
[BlackClock "0:00:01"]

1. e4 c6 2. d4 d6 3. Nc3 Qc7 4. h3 e5 5. Nf3 Nf6 6. g4 h6 7. Bg2 Be7 8. O-O O-O 9. a4 Nxg4 10. hxg4 Bxg4 11. dxe5 dxe5 12. Qe1 Nd7 13. Be3 f5 14. Nh2 Bh5 15. exf5 Rxf5 16. Ne4 Bg6 17. Nf3 Raf8 18. Nfd2 Bh4 19. a5 Nf6 20. Bxa7 Ng4 21. Qe2 h5 22. Bc5 Ra8 23. Ra3 Rxa5 24. Bd6 Qd8 25. Rxa5 Qxa5 26. Nf3 Bd8 27. Nh2 Nxh2 28. Kxh2 h4 29. c3 Bh5 30. Qe3 Bb6 31. Bc5 Bc7 32. Bd6 Bd8 33. Qc5 Qa7 34. Qxa7 Rf4 35. Qb8 Kh7 36. Bh3 1-0


[Site "https://www.chess.com"]

[Event "Titled Tuesday Blitz November 08 Late 2022"]
[White "Reprintsev, Alexander"]
[Black "Besedes, Danilo"]
[WhiteFideId "14100541"]
[BlackFideId "946796"]
[WhiteElo "2230"]
[BlackElo "2352"]
[Result "0-1"]
[Round "08"]
[TimeControl "180+1"]
[Date "2022.11.09"]
[WhiteClock "0:00:39"]
[BlackClock "0:00:56"]

1. e4 d6 2. d4 g6 3. Nc3 Bg7 4. h4 h5 5. Nf3 c6 6. Ng5 d5 7. f3 dxe4 8. Be3 exf3 9. Qxf3 Nh6 10. Bc4 O-O 11. O-O Bf5 12. Bb3 Ng4 13. Ne2 Nd7 14. c3 Ndf6 15. Bf4 Nd5 16. Bg3 Nge3 17. Rfe1 Bg4 18. Qf2 Nf5 19. Nf4 e6 20. Nd3 Bh6 21. Bxd5 cxd5 22. Bf4 Bg7 23. g3 Nd6 24. Kh2 Bf5 25. Rad1 b6 26. Be5 f6 27. Bxd6 Qxd6 28. Nh3 e5 29. dxe5 fxe5 30. Ng5 Bxd3 0-1


[Site "https://www.chess.com"]

[Event "Titled Tuesday Blitz November 08 Late 2022"]
[White "Ristic, Nebojsa B"]
[Black "Dzierzak, Radoslaw"]
[WhiteFideId "935468"]
[BlackFideId "1161407"]
[WhiteElo "2320"]
[BlackElo "2111"]
[Result "1-0"]
[Round "08"]
[TimeControl "180+1"]
[Date "2022.11.09"]
[WhiteClock "0:01:28"]
[BlackClock "0:00:05"]

1. d4 Nf6 2. Bf4 e6 3. e3 c5 4. Nf3 cxd4 5. exd4 b6 6. Nbd2 Bb7 7. Nc4 Be7 8. Nd6+ Bxd6 9. Bxd6 Ne4 10. Ba3 d6 11. Bd3 O-O 12. Qe2 Nf6 13. O-O Re8 14. Rfe1 Nc6 15. c3 a6 16. Rad1 b5 17. b3 Rc8 18. c4 b4 19. Bb2 d5 20. Ne5 Qb6 21. c5 Qa5 22. f4 Nxe5 23. fxe5 Ne4 24. Ra1 Ra8 25. Qh5 Bc6 26. Re3 Qd8 27. Rh3 h6 28. Rf1 Qg5 29. Qxf7+ Kh8 30. Bc1 Qe7 31. Qg6 Rf8 32. Bxh6 Rxf1+ 33. Bxf1 Kg8 34. Be3 Rf8 35. Be2 1-0


[Site "https://www.chess.com"]

[Event "Titled Tuesday Blitz November 08 Late 2022"]
[White "Romero Ruscalleda, Josep"]
[Black "Dahlgren, James Allen"]
[WhiteFideId "2231859"]
[BlackFideId "22256873"]
[WhiteElo "2183"]
[BlackElo "2188"]
[Result "1-0"]
[Round "08"]
[TimeControl "180+1"]
[Date "2022.11.09"]
[WhiteClock "0:00:52"]
[BlackClock "0:00:02"]

1. e4 e6 2. d4 c5 3. c3 d5 4. e5 Qb6 5. Bd3 Bd7 6. dxc5 Bxc5 7. Qe2 a5 8. Nf3 Ne7 9. O-O O-O 10. Nbd2 Nbc6 11. b4 axb4 12. Rb1 Qc7 13. cxb4 Nxb4 14. Rxb4 Bxb4 15. Bxh7+ Kxh7 16. Ng5+ Kg6 17. Qg4 f5 18. exf6 Kxf6 19. Nh7+ Kf7 20. Nxf8 Bxd2 21. Nxd7 Bxc1 22. Re1 Qxd7 23. Rxc1 Rc8 24. Re1 Nf5 25. Qh5+ Kf8 26. g4 Nd4 27. Kg2 Qf7 28. Qh8+ Qg8 29. Qh3 Rc2 30. Qa3+ Ke8 31. Qa4+ Ke7 32. Qxd4 Qf7 33. h3 Rxa2 34. Qb4+ Ke8 35. Qb5+ Kf8 36. Qc5+ Kg8 37. Rb1 1-0


[Site "https://www.chess.com"]

[Event "Titled Tuesday Blitz November 08 Late 2022"]
[White "Sarana, Alexey"]
[Black "Dubov, Daniil"]
[WhiteFideId "24133795"]
[BlackFideId "24126055"]
[WhiteElo "2708"]
[BlackElo "2791"]
[Result "0-1"]
[Round "08"]
[TimeControl "180+1"]
[Date "2022.11.08"]
[WhiteClock "0:00:02"]
[BlackClock "0:00:08"]

1. c4 b6 2. Nc3 Bb7 3. e4 e5 4. Nf3 Nc6 5. d4 exd4 6. Nxd4 Nf6 7. Be3 Bb4 8. f3 O-O 9. Qd2 Ne5 10. a3 Bc5 11. b4 Be7 12. Nf5 Re8 13. Be2 a5 14. Nxe7+ Qxe7 15. b5 d6 16. O-O Nfd7 17. Bg5 f6 18. Bh4 Nc5 19. Rae1 Kh8 20. Nd5 Qf7 21. g4 g5 22. Bg3 Ng6 23. Qd4 Kg7 24. Bd1 Ne6 25. Qc3 Bxd5 26. cxd5 Nef4 27. Kh1 h5 28. gxh5 Nxh5 29. f4 Nhxf4 30. Bg4 Rh8 31. Bf5 Nh5 32. Bxg6 Kxg6 33. Re3 Rae8 34. Qd4 Re7 35. Ref3 Rhe8 36. Re1 Kh7 37. Qd3 Qg6 38. Rfe3 Ng7 39. Qc2 Kg8 40. Kg1 Kf7 41. Qd3 Nh5 42. Qc2 Nf4 43. Qb1 Kf8 44. Qc2 Nxd5 45. Rf3 Rxe4 46. Ref1 Kg7 47. Kh1 Re2 48. Qc6 Qe4 49. Qd7+ Re7 50. Qd8 g4 51. Bh4 gxf3 52. Rg1+ Rg2 0-1


[Site "https://www.chess.com"]